[Event "*** Titled Tuesday Blitz"]
[Site "Chess.com"]
[Date "2019.02.05"]
[Round "4"]
[White "Samuray111"]
[Black "Angry_Twin"]
[Result "1-0"]
[WhiteElo "2580"]
[BlackElo "2775"]
[TimeControl "180+2"]
[EndTime "13:51:23 PST"]
[Termination "Samuray111 won by resignation"]

1. Nf3 Nf6 2. b3 g6 3. Bb2 Bg7 4. g3 d5 5. Bg2 c5 6. c4 d4 7. b4 cxb4 8. Qa4+ Bd7 9. Qxb4 Nc6 10. Qa3 e5 11. d3 Qe7 12. O-O Qxa3 13. Bxa3 O-O-O 14. Nbd2 h6 15. Nb3 b6 16. Nfd2 Rhe8 17. Rfe1 Kc7 18.
Rab1 Bf5 19. h3 h5 20. f3 Bh6 21. Bc1 Be3+ 22. Kh2 Nb4 23. Na1 Nxa2 24. Rb2 Nxc1 25.
Rxc1 Nd7 26. Nab3 Nc5 27. Nxc5 bxc5 28. Ra1 Ra8 29. Nb3 Reb8 30. f4 e4 31. dxe4 Be6 32. e5 Bxc4 33. Bxa8 Bxb3 34. Rxa7+ Kc8 35. Bc6 h4 36. Bd7+ Kd8 37. Ba4 c4 38. Bxb3 cxb3 39. Ra3 hxg3+ 40. Kxg3 Ke7 41. Raxb3 Rc8 42. Rb7+ Ke6 43.
R2b6+ Kf5 44. Kf3 Bxf4 45. Rxf7+ Kxe5 46. Rxf4 Rc3+ 47. Kg4 Rc1 48. Rb5+ Ke6 49. Rxd4 Rg1+ 50. Kf3 Rh1 51. Kg2 Re1 52. Re4+ Kf6 53. Kf2 Rh1 54.
h4 Rh2+ 55. Kg1 Rh3 56. Ra4 Rg3+ 57. Kf2 Rc3 58. Ra6+ Kg7 59. h5 gxh5 60. Rb7+ 1-0

[Event "*** Titled Tuesday Blitz"]
[Site "Chess.com"]
[Date "2019.02.05"]
[Round "4"]
[White "MathiasWomacka"]
[Black "JosefineHeinemann"]
[Result "1-0"]
[WhiteElo "2240"]
[BlackElo "2401"]
[TimeControl "180+2"]
[EndTime "13:51:24 PST"]
[Termination "MathiasWomacka won by resignation"]

1. e4 e5 2. Nf3 Nc6 3. Bb5 a6 4.
Bxc6 dxc6 5. O-O Bg4 6. h3 h5 7. d3 Qf6 8. Nbd2 g5 9. Nc4 Bxf3 10. Qxf3 Qxf3 11. gxf3 f6 12. Be3 O-O-O 13. Rfd1 Ne7 14. d4 exd4 15. Bxd4 Bg7 16. Ne3 Rd7 17. Bc3 Rhd8 18. Kg2 Ng6 19. Rxd7 Nh4+ 20. Kg3 Rxd7 21. f4 gxf4+ 22.
Kxf4 Bh6+ 23. Kg3 Bxe3 24. fxe3 Ng6 25. Rf1 Rd6 26. Bxf6 Re6 27. Bd4 Rxe4 28. Rf5 b6 29. Rxh5 c5 30. Kf3 Re7 31. Bc3 Rf7+ 32. Kg3 Re7 33.
Rg5 Rxe3+ 34. Kf2 Re6 35. Rg4 b5 36. a3 Kd7 37. h4 Ke8 38. h5 Ne7 39. Bd2 Nf5 40.
Rg5 Nd6 41. Kf3 Kf7 42. Rxc5 Rf6+ 43. Bf4 Ne8 44. Kg4 c6 45. Re5 Ng7 46. h6 Ne6 47.
Be3 Nf8 48. Rf5 Nh7 49. Rxf6+ Kxf6 50. Kf4 Nf8 51. Ke4 Kg6 52. Ke5 c5 53. Bxc5 Nd7+ 54.
Kd6 Nf6 55. Be3 Ng4 56. Bd2 Nf2 57. Kc6 Ne4 58. Be3 Nf6 59. Kb7 a5 60. Ka6 Nd5 61.
Bd2 b4 62. Kxa5 bxa3 63. bxa3 1-0

[Event "*** Titled Tuesday Blitz"]
[Site "Chess.com"]
[Date "2019.02.05"]
[Round "4"]
[White "IakovUlivar"]
[Black "Ekko_li"]
[Result "1-0"]
[WhiteElo "2518"]
[BlackElo "2493"]
[TimeControl "180+2"]
[EndTime "13:51:27 PST"]
[Termination "IakovUlivar won by resignation"]

1. e4 d6 2. d4 Nf6 3. Nc3 g6 4. Nf3 Bg7 5. Be2 O-O 6. O-O Bg4 7. Be3 Nc6 8. h3 Bxf3 9. Bxf3 e5 10. dxe5 dxe5 11.
Ne2 Qe7 12. c3 Qe6 13. Qb3 Na5 14. Qxe6 fxe6 15. Rad1 Rfd8 16. Ng3 b6 17. Rxd8+ Rxd8 18. Rd1 Rxd1+ 19. Bxd1 Nc4 20. Bc1 Bf8 21. Be2 Nd6 22.
Bd3 Nb7 23. Kf1 Kf7 24. f3 Nc5 25. Bc2 h5 26. h4 Be7 27. Nh1 Nfd7 28. g3 Nb7 29.
Nf2 a5 30. Ba4 Nbc5 31. Bb5 Nb8 32. Nh3 Bf6 33. b3 Ke7 34. Be3 Nb7 35. Nf2 Nd6 36. Bd3 Nd7 37. Ke2 Kf7 38. Nh3 Ke7 39. Ng5 Bg7 40. Kd2 Bh6 41. a4 Nb7 42. b4 Nd6 43.
Be2 Nb8 44. bxa5 bxa5 45. Kc2 Nd7 46. Kb3 Nb6 47. c4 Nbc8 48. c5 Nb7 49. Ba6 Nxc5+ 50. Bxc5+ Nd6 51. Bd3 Kd7 52. Kc3 Kc6 53. Ba3 Bf8 54.
Kc2 Bg7 55. Bb2 Kd7 56. Bc3 c6 57. Bxa5 c5 58. Kb3 Nb7 59. Bb5+ Kd6 60. Bc3 Nd8 61. Kc4 Bf6 62. f4 exf4 63. Bxf6 fxg3 64. e5+ 1-0

[Event "*** Titled Tuesday Blitz"]
[Site "Chess.com"]
[Date "2019.02.05"]
[Round "4"]
[White "ShadyH9"]
[Black "HajiyevKanan"]
[Result "1-0"]
[WhiteElo "2311"]
[BlackElo "2350"]
[TimeControl "180+2"]
[EndTime "13:51:27 PST"]
[Termination "ShadyH9 won by resignation"]

1. d4 d5 2. c4 c6 3. Nf3 Nf6 4. Nc3 g6 5. cxd5 cxd5 6. Bf4 Bg7 7. e3 O-O 8. h3 Nc6 9. Be2 Ne4 10. O-O Nxc3 11.
bxc3 Na5 12. Rc1 Bd7 13. Ne5 b5 14. Bd3 Rc8 15. Qe2 a6 16. a4 Nc4 17. axb5 Bxb5 18. Nxc4 Bxc4 19. Ra1 a5 20. Ra3 Qb6 21. Rfa1 Bxd3 22. Qxd3 Ra8 23. Qc2 Rfc8 24. Qa2 e6 25.
Rxa5 Rxa5 26. Qxa5 Qxa5 27. Rxa5 Bf8 28. g4 h6 29. Be5 Be7 30. Ra7 Bd8 31. Bd6 Bb6 32. Rb7 Bd8 33. Bb4 Kg7 34. Kg2 Kf6 35. Kf3 Ra8 36. Rd7 Rc8 37. Ke2 Bb6 38. Kd3 Rc4 39. Rb7 Bc7 40. e4 Bh2 41. e5+ Kg5 42. Rxf7 Bg1 43. Rf6 h5 44. f4+ Kh4 45. Rxg6 hxg4 46. Rxg4+ Kxh3 47. Rxg1 Rc6 48. Rg6 Kh4 49. f5 Rc8 50.
Rxe6 Kh5 51. f6 Kg6 52. Re7 Ra8 53. Rg7+ Kh6 54. Rg2 Ra1 55. f7 Rf1 56. f8=Q+ Rxf8 57. Bxf8+ 1-0

[Event "*** Titled Tuesday Blitz"]
[Site "Chess.com"]
[Date "2019.02.05"]
[Round "4"]
[White "MartinMatthiesen"]
[Black "Peng_Li-Min"]
[Result "1/2-1/2"]
[WhiteElo "2499"]
[BlackElo "2676"]
[TimeControl "180+2"]
[EndTime "13:51:29 PST"]
[Termination "Game drawn by repetition"]

1. d4 Nf6 2. c4 g6 3. Nc3 d5 4. cxd5 Nxd5 5. e4 Nxc3 6. bxc3 Bg7 7.
Bc4 O-O 8. Ne2 c5 9. O-O Nc6 10.
Be3 Qc7 11. Rc1 Rd8 12. Bf4 e5 13. Bg5 Rd6 14. Bd5 Be6 15. dxc5 Rd7 16. c4 Nd4 17. Nxd4 exd4 18. Qa4 h6 19. Bh4 Be5 20. Bg3 Bxg3 21. hxg3 Re7 22. c6 bxc6 23. Bxc6 Bd7 24. Bxd7 Rxd7 25.
c5 Re8 26. c6 Rd6 27. f3 Ree6 28. Rfd1 Rxc6 29. Rxc6 Rxc6 30. Kh2 Rc4 31. Qe8+ Kg7 32.
e5 Rc6 33. Rxd4 Re6 34. Qd7 Qxd7 35. Rxd7 Rxe5 36. Rxa7 h5 37. a4 Re1 38. a5 Kf6 39.
Rb7 Ra1 40. Rb6+ Ke5 41. a6 Kf5 42. Rb7 Rxa6 43. Rxf7+ Ke6 44. Rf8 Ra2 45. Kh3 Ke7 46. Rf4 Rb2 47. g4 hxg4+ 48. fxg4 Rc2 49. Kh4 Rc5 50.
g5 Rc2 51. g3 Rh2+ 52. Kg4 Rd2 53. Rf6 Rd6 54. Rxd6 Kxd6 55. Kf4 Kd5 56. Kf3 Ke5 57. g4 Kd5 58. Kf4 Kd4 59. Kg3 Ke3 60. Kh3 Kf3 61. Kh4 Kf4 62. Kh3 Kf3 63. Kh4 Kf4 64. Kh3 Kxg5 65.
Kg3 Kf6 66. Kf4 Ke6 67. Ke4 Kf6 68. Kf4 Ke6 69. Ke4 g5 70. Kd4 Kd6 71. Ke4 Ke6 72. Kd4 Kd6 73. Ke4 Ke6 1/2-1/2

[Event "*** Titled Tuesday Blitz"]
[Site "Chess.com"]
[Date "2019.02.05"]
[Round "4"]
[White "Ali_rastbod"]
[Black "Konavets"]
[Result "1/2-1/2"]
[WhiteElo "2647"]
[BlackElo "2832"]
[TimeControl "180+2"]
[EndTime "13:51:30 PST"]
[Termination "Game drawn by repetition"]

1. d4 Nf6 2. Bg5 Ne4 3. Bf4 d5 4. Nd2 Bf5 5. e3 e6 6. Nxe4 Bxe4 7. Nf3 Bd6 8. Bg3 O-O 9. Bd3 Bxd3 10. Qxd3 c5 11. c3 Nc6 12. O-O Rc8 13. dxc5 Bxc5 14. Rad1 Qb6 15. b4 Be7 16. a4 a5 17. b5 Na7 18.
Be5 Rc4 19. Bd4 Bc5 20. Ne5 Rxa4 21. Nd7 Bxd4 22. cxd4 Qxb5 23. Qxb5 Nxb5 24. Nxf8 Kxf8 25. Ra1 Na3 26. Ra2 b5 27. Rfa1 b4 28. Kf1 Ke7 29.
Ke2 Kd7 30. Kd3 Kd6 31. f3 f5 32. g3 Kc6 33. Rc1+ Kb7 34. g4 fxg4 35. fxg4 b3 36. Rb1 Nxb1 37. Rxa4 Kb6 38. Ra1 Kb5 39. Rxb1 Kb4 40.
Rf1 a4 41. Rf7 Ka3 42. Re7 Kb2 43. Rf7 Ka2 44. Rf1 Kb2 45. Rf7 Ka2 46. Rf1 Kb2 47. Rf7 Ka2 48. Rf1 Kb2 49. Rf7 1/2-1/2

[Event "*** Titled Tuesday Blitz"]
[Site "Chess.com"]
[Date "2019.02.05"]
[Round "4"]
[White "Witaliss"]
[Black "AlexTriapishko"]
[Result "0-1"]
[WhiteElo "2369"]
[BlackElo "2745"]
[TimeControl "180+2"]
[EndTime "13:51:30 PST"]
[Termination "AlexTriapishko won by resignation"]

1. d4 d6 2. Nf3 Nf6 3. Bf4 g6 4.
e3 Bg7 5. h3 O-O 6. c3 c5 7.
Nbd2 cxd4 8. cxd4 Nc6 9. Be2 Be6 10. O-O Qb6 11. b3 Nd5 12. Nc4 Qd8 13. Bg5 h6 14. Bh4 g5 15. Bg3 Nc3 16. Qd3 Nxe2+ 17. Qxe2 f5 18.
Rad1 Bd5 19. Bh2 Rc8 20. Ne1 f4 21. exf4 gxf4 22. Nf3 b5 23. Ncd2 a6 24. Ne4 Kh8 25.
Rfe1 Nb4 26. Qd2 Nc2 27. Re2 Ne3 28. fxe3 Bxe4 29. Bxf4 Qd7 30. Rf1 Rc2 31. Qd1 Rfc8 32. Rxc2 Rxc2 33. Rf2 Rxf2 34. Kxf2 Qc6 35. Qd2 Kh7 36. Ne1 d5 37. Nf3 Bf6 38. Ne5 Qc8 39. Ng4 Bg7 40. Ne5 a5 41. Nd3 b4 42. Nc5 Bg6 43.
Qe2 e5 44. Bg3 exd4 45. Nd3 dxe3+ 46. Kxe3 Qc3 47. Qd2 Qd4+ 48. Ke2 Qe4+ 49. Qe3 Qxg2+ 50. Nf2 d4 51. Qf4 d3+ 52. Ke3 Qd5 53. Kd2 Bc3+ 54. Kd1 Bh5+ 55. Kc1 d2+ 56. Kb1 Bg6+ 0-1

[Event "*** Titled Tuesday Blitz"]
[Site "Chess.com"]
[Date "2019.02.05"]
[Round "4"]
[White "Andreikka"]
[Black "GianmarcoVaR"]
[Result "0-1"]
[WhiteElo "2881"]
[BlackElo "2612"]
[TimeControl "180+2"]
[EndTime "13:51:31 PST"]
[Termination "GianmarcoVaR won on time"]

1. e4 g6 2. d4 Bg7 3. Nc3 d6 4. f4 a6 5. Nf3 b5 6. Bd3 Bb7 7. a4 b4 8. Ne2 Nd7 9. c3 a5 10. O-O Ngf6 11. Ng3 e6 12. Qe2 O-O 13. Bd2 c5 14. e5 Nd5 15. Ne4 bxc3 16. bxc3 dxe5 17. fxe5 cxd4 18. cxd4 Nb4 19. Bb5 Nb6 20. Nd6 Bxf3 21.
Qxf3 Nc2 22. Rac1 Nxd4 23. Qe4 Nf5 24. Rc6 Nd7 25. Bf4 Rb8 26. Rd1 Nb6 27. g4 Nxd6 28.
Rdxd6 Qh4 29. Bg3 Qg5 30. Rxb6 Rxb6 31. Rxb6 Qc1+ 32. Kg2 Qb2+ 33. Qe2 Qc3 34. Rc6 Qd4 35. Rc4 Qd5+ 36. Kh3 Rd8 37. Rc7 Qd4 38. Qf3 Rf8 39. Be8 Qd8 40. Bxf7+ Kh8 41. Rb7 Qc8 42. Ra7 Qc5 43. Rd7 Bxe5 44. Qa3 Qxa3 45. Kh4 Bxg3+ 46. hxg3 Qxa4 47. Re7 Qb4 48. Ra7 Qc5 49. Rb7 Qd5 50.
Ra7 Qd8+ 51. Kh3 Qf6 52. Bg8 Rxg8 53. Rxa5 Rf8 54. Ra1 Qxa1 0-1

[Event "*** Titled Tuesday Blitz"]
[Site "Chess.com"]
[Date "2019.02.05"]
[Round "4"]
[White "Bigfish1995"]
[Black "VeraNebolsina"]
[Result "1-0"]
[WhiteElo "2956"]
[BlackElo "2378"]
[TimeControl "180+2"]
[EndTime "13:51:35 PST"]
[Termination "Bigfish1995 won by resignation"]

1. d4 Nf6 2. c4 g6 3. Nf3 Bg7 4. g3 O-O 5. Bg2 d6 6. O-O Nc6 7. Nc3 e5 8. d5 Nb8 9. e4 a5 10. Ne1 Na6 11. Nd3 Nd7 12. Be3 Nac5 13. b3 b6 14. g4 Nxd3 15. Qxd3 Nc5 16. Qe2 f5 17. f3 f4 18. Bf2 Bd7 19. Kh1 h5 20.
gxh5 gxh5 21. Rg1 Kh8 22. Qf1 Qc8 23. Nd1 Bf6 24. Bxc5 bxc5 25. Nf2 Rg8 26. Bh3 Bxh3 27. Nxh3 Qd7 28. Nf2 Bh4 29. Qe2 Bxf2 30. Qxf2 Qh3 31. Rab1 Raf8 32. Rg2 Rg3 33. Rbg1 Rxf3 34. Rg6 Kh7 35.
Rg7+ Kh8 36. R7g6 Kh7 37. Rg7+ Kh8 38. Qg2 Qxg2+ 39. R7xg2 Rh3 40. Rg6 Kh7 41. Rg7+ Kh8 42. Rxc7 Rg8 43. Rxg8+ Kxg8 44. Rd7 Rd3 45. Rxd6 Kf7 46.
Re6 f3 47. Kg1 Rd2 48. Rxe5 Kf6 49. Rf5+ Ke7 50. e5 Rxa2 51. Rxf3 Re2 52. e6 Kd6 53. Rf7 h4 54. Rh7 Re4 55. Kf2 Rf4+ 56. Ke3 Rg4 57. Rd7+ Ke5 58. e7 Re4+ 59. Kd3 Kf4 60. d6 Re3+ 61. Kc2 Re6 62. Rd8 1-0

[Event "*** Titled Tuesday Blitz"]
[Site "Chess.com"]
[Date "2019.02.05"]
[Round "4"]
[White "MITerryble"]
[Black "LyonBeast"]
[Result "1/2-1/2"]
[WhiteElo "2798"]
[BlackElo "2914"]
[TimeControl "180+2"]
[EndTime "13:51:36 PST"]
[Termination "Game drawn by agreement"]

1. d4 Nf6 2. Nf3 g6 3. Bg5 Bg7 4. Nbd2 O-O 5. c3 d6 6. e4 c5 7. dxc5 dxc5 8. Bc4 Nc6 9. Qe2 Qc7 10. O-O Nh5 11. Qe3 b6 12. Bh6 Bb7 13. Rad1 Rad8 14. Bxg7 Kxg7 15. Rfe1 Qf4 16. Qe2 Ne5 17. Nxe5 Qxe5 18.
Nf3 Qf6 19. Qe3 Qf4 20. Bd5 Qxe3 21. fxe3 Bc8 22. Ne5 Nf6 23. Nc6 Rd7 24. Ne5 Rc7 25. Rf1 e6 26. Bc6 Ng8 27. Rd6 Ne7 28. Bb5 Bb7 29. Nd7 Rfc8 30. Nf6 Nc6 31. Bxc6 Bxc6 32.
e5 b5 33. Rfd1 a5 34. h4 h5 35. R1d2 b4 36. c4 a4 37. Kh2 Ra7 38. Kg3 Raa8 39. Kf4 Kf8 40. Kg5 Ke7 41. g3 a3 42.
b3 Rd8 43. Rd1 Rac8 44. R1d2 Rb8 45. Kf4 Rbc8 46. Kg5 Rb8 47. e4 Rbc8 48. R2d3 Ra8 49. Rd2 Rab8 50. Rd1 Rbc8 51. R1d2 Ra8 52. Rd1 Rab8 53.
R1d2 Rbc8 54. Rd1 Ra8 55. R1d2 Rab8 56. Rd1 Rbc8 57. R1d2 1/2-1/2

[Event "*** Titled Tuesday Blitz"]
[Site "Chess.com"]
[Date "2019.02.05"]
[Round "4"]
[White "iLuusions"]
[Black "TheBigBoss04"]
[Result "1/2-1/2"]
[WhiteElo "2631"]
[BlackElo "2539"]
[TimeControl "180+2"]
[EndTime "13:51:44 PST"]
[Termination "Game drawn by agreement"]

1. d4 Nf6 2. c4 c5 3. d5 e6 4.
Nc3 exd5 5. cxd5 d6 6. Nf3 g6 7.
Bf4 Bg7 8. Qa4+ Bd7 9. Qb3 Qc7 10.
e4 Nh5 11. Be3 O-O 12. Be2 Nf6 13. O-O Bg4 14. Nb5 Qb6 15. Qc2 Bxf3 16. gxf3 Nbd7 17. a4 Ne5 18. h3 a6 19. Na3 Qc7 20. f4 Ned7 21.
Rab1 Rac8 22. Rfc1 Qd8 23. Nc4 Qe7 24. Bf3 Rfe8 25. a5 Bf8 26. Nd2 Qd8 27. Qa4 Qe7 28. b4 c4 29. Nxc4 Nxe4 30. Bxe4 Qxe4 31. Qxd7 Rxc4 32.
Rxc4 Qxb1+ 33. Kg2 Rxe3 34. fxe3 Qa2+ 35. Kg3 Qxc4 36.
Qxb7 Qe4 37. Kf2 Qd3 38. b5 Qd2+ 39. Kf3 Qd1+ 40. Kf2 axb5 41. a6 Qd2+ 42. Kf3 Qd1+ 43. Kf2 Qc2+ 44. Kf3 Qd1+ 45. Kf2 Qc2+ 46. Kg3 Qd3 47.
Kf2 b4 48. a7 Qd2+ 49. Kf3 Qd1+ 50. Kf2 Qc2+ 51. Kg3 Qe2 52. a8=Q Qxe3+ 53. Kg2 Qe2+ 54. Kg3 Qe3+ 55. Kg2 Qe2+ 56. Kg3 1/2-1/2

[Event "*** Titled Tuesday Blitz"]
[Site "Chess.com"]
[Date "2019.02.05"]
[Round "4"]
[White "vpsetter"]
[Black "NateSolon"]
[Result "1/2-1/2"]
[WhiteElo "2633"]
[BlackElo "2532"]
[TimeControl "180+2"]
[EndTime "13:51:46 PST"]
[Termination "Game drawn by repetition"]

1. e4 c5 2. Nf3 d6 3. d4 cxd4 4. Nxd4 Nf6 5. Nc3 Nc6 6. Bg5 Bd7 7. Qd2 Rc8 8. f4 Nxd4 9. Qxd4 Qa5 10. O-O-O e5 11.
fxe5 dxe5 12. Qd2 Bc6 13. Bxf6 gxf6 14. a3 Bc5 15. Kb1 Bd4 16. Nd5 Qxd2 17. Rxd2 f5 18. Bd3 f4 19. Rf1 Bxd5 20. exd5 Ke7 21. d6+ Kxd6 22. Bf5 Ke7 23. Bxc8 Rxc8 24. c3 Be3 25.
Rd5 Ke6 26. Rfd1 Rg8 27. Rd6+ Kf5 28. Rd7 Rxg2 29. Rxf7+ Ke4 30. Rf1 Rxh2 31. Rxb7 Kd3 32.
Rd7+ Ke2 33. Rdd1 Bd2 34. Kc2 Ke3 35. Rh1 Re2 36. Rxh7 f3 37. Rh3 e4 38. b4 Be1+ 39. Kb3 Kf2 40. Rh1 Kg2 41. Rhxe1 Rxe1 42. Rxe1 f2 43. Rxe4 f1=Q 44. Rd4 Kf3 45. a4 Qb1+ 46. Kc4 Ke3 47. a5 Qf1+ 48. Kc5 Qf5+ 49. Kc4 Qf1+ 50. Kc5 a6 51. Rd5 Qb5+ 52. Kd6 Qb8+ 53. Kd7 Qb7+ 54.
Kd6 Ke4 55. Rc5 Qb8+ 56. Kc6 Qa7 57. c4 Qb8 58. b5 axb5 59. cxb5 Qa8+ 60. Kb6 Qb8+ 61.
Kc6 Qa8+ 62. Kb6 Qb8+ 63. Kc6 Qa8+ 64. Kb6 1/2-1/2

[Event "*** Titled Tuesday Blitz"]
[Site "Chess.com"]
[Date "2019.02.05"]
[Round "4"]
[White "Gabrielian_Artur"]
[Black "M1711"]
[Result "1-0"]
[WhiteElo "2736"]
[BlackElo "2528"]
[TimeControl "180+2"]
[EndTime "13:51:49 PST"]
[Termination "Gabrielian_Artur won on time"]

1. e4 c5 2. Nc3 e6 3. g3 d5 4. Bg2 Nf6 5. exd5 exd5 6. d4 cxd4 7. Nce2 Nc6 8. Nf3 Bg4 9. O-O Be7 10. Nexd4 O-O 11.
h3 Bh5 12. Nf5 Bc5 13. Bg5 Bg6 14. N3h4 Bxf5 15. Nxf5 h6 16. Bh4 d4 17. Re1 Kh8 18. Qf3 g5 19. g4 gxh4 20. Qf4 Nh7 21. Bxc6 bxc6 22. Qe5+ Qf6 23. Qxc5 Ng5 24. Kg2 Rfd8 25.
Rad1 Rd5 26. Qe7 Qxe7 27. Rxe7 Rb5 28. b3 Rc5 29. Rd2 Kh7 30. Nxd4 Kg7 31. Nf5+ Kf8 32. Re3 a5 33. a4 h5 34. Nxh4 hxg4 35. hxg4 Ne6 36. Kg3 Rb8 37. Nf5 Rb4 38. f3 Rb8 39. c4 Rb4 40. f4 Rb8 41. Rh2 Kg8 42. Rd3 Ng7 43. Ne7+ Kf8 44. Nxc6 Rxc6 45. Rh8+ Ke7 46.
Rxb8 Ne6 47. Re3 Kf6 48. g5+ Kg7 49. Rb5 Nd4 50. Rxa5 Rb6 51. Rb5 Rd6 52. a5 Nc2 53. Re2 Rd3+ 54. Kg2 Nd4 55. Rd5 Nxe2 56. Rxd3 Nxf4+ 57.
Kg3 Nxd3 58. a6 Nc5 59. a7 Ne4+ 60. Kf4 1-0

[Event "*** Titled Tuesday Blitz"]
[Site "Chess.com"]
[Date "2019.02.05"]
[Round "4"]
[White "aquaticpineapples"]
[Black "AsaHoffmann"]
[Result "1-0"]
[WhiteElo "2118"]
[BlackElo "2157"]
[TimeControl "180+2"]
[EndTime "13:51:50 PST"]
[Termination "aquaticpineapples won by resignation"]

1. d4 Nf6 2. Nf3 d6 3. Nbd2 Bf5 4. b3 Nbd7 5. Bb2 c6 6. e3 h6 7. Bd3 Bxd3 8. cxd3 e6 9. O-O Be7 10. Rc1 O-O 11.
Ba1 a5 12. e4 a4 13. b4 a3 14. Re1 Ne8 15. Qb3 Nc7 16. Nc4 Nb5 17. Ne3 d5 18. exd5 exd5 19. Nf5 Bf6 20. Ne5 Re8 21. f4 Nf8 22. Re3 Ng6 23. g3 Qb6 24. Nd7 Nxd4 25.
Nxb6 Nxb3 26. axb3 Rxe3 27. Nxe3 Bb2 28. Nxa8 Bxc1 29. Nc2 Bb2 30. Nb6 Ne7 31. Na4 Bc1 32. Kf1 Nf5 33. Ke2 h5 34. Kd1 Be3 35. Nxa3 Bg1 36.
Nc5 Bxh2 37. Nxb7 Bxg3 38. Nd8 h4 39. Ke2 h3 40. Kf1 h2 41. Kg2 Bxf4 42. Nxc6 Ne3+ 43.
Kh1 Ng4 44. Bd4 Kf8 45. b5 Ke8 46. b6 Kd7 47. Nb4 Kc8 48. Nxd5 Bd6 49. Nb5 Bg3 50. Nbc3 Kb7 51. Ne2 Bd6 52. b4 Kc6 53. Nec3 f6 54. b5+ Kb7 55. Ne4 Bb8 56. Nd2 f5 57. Nc4 f4 58. Na5+ Kc8 59. b7+ Kd7 60. Nc6 Bd6 61. b8=Q Bxb8 62. Nxb8+ Kd6 63. Nxf4 g5 64. Ne2 Kd5 65.
Bb6 Nf2+ 66. Bxf2 Ke5 67. Kxh2 Kf5 68. Kg3 g4 69. b6 1-0

[Event "*** Titled Tuesday Blitz"]
[Site "Chess.com"]
[Date "2019.02.05"]
[Round "4"]
[White "Chess2019Player"]
[Black "Walter_White_Poland"]
[Result "1-0"]
[WhiteElo "2029"]
[BlackElo "2099"]
[TimeControl "180+2"]
[EndTime "13:51:50 PST"]
[Termination "Chess2019Player won by resignation"]

1. e4 e5 2. Nf3 Nc6 3. Bb5 a6 4. Ba4 Nf6 5. O-O b5 6. Bb3 Be7 7. Re1 d6 8. c3 O-O 9. h3 Nb8 10. d4 Nbd7 11. Nbd2 Bb7 12. Bc2 Re8 13. a4 Bf8 14. Bd3 c6 15. b4 Qc7 16. Nb3 Rad8 17. Qc2 Nb6 18. axb5 axb5 19. Bg5 Nbd7 20. c4 bxc4 21.
Bxc4 d5 22. Bxd5 exd4 23. Nbxd4 Bxb4 24. Reb1 Qd6 25. Nf5 Qf8 26. Bxf7+ Qxf7 27. Rxb4 Nf8 28. e5 Nd5 29. Rbb1 Ra8 30. Nd6 Qe6 31. Nxb7 Rxa1 32.
Rxa1 Nb4 33. Qb2 Nd3 34. Qa2 Qxa2 35. Rxa2 Nxe5 36. Nxe5 Rxe5 37. Be3 Rb5 38. Nc5 Ng6 39. Kh2 Ne5 40. Ra8+ Kf7 41. Rc8 Nc4 42. Rc7+ Ke8 43. Rxc6 Ne5 44. Rc8+ Ke7 45. Rc7+ Kd6 46. Rxg7 Nc4 47.
Ne4+ Ke5 48. Ng3 Nxe3 49. fxe3 Rb2 50. Rxh7 Kf6 51. Rh6+ Kg5 52. Rc6 Kh4 53. Rc4+ Kg5 54. h4+ Kg6 55. Kh3 Kf6 56. Rc6+ Ke5 57. e4 Kf4 58. h5 Rb3 59. Rf6+ Kg5 60. Rg6+ Kf4 61.
Rg4+ Ke3 62. h6 Kf2 63. h7 Rb8 64. Rg8 Rb6 65. h8=Q 1-0

[Event "*** Titled Tuesday Blitz"]
[Site "Chess.com"]
[Date "2019.02.05"]
[Round "4"]
[White "Mikhail_Golubev"]
[Black "TomasKapitanchuk"]
[Result "1/2-1/2"]
[WhiteElo "2460"]
[BlackElo "2423"]
[TimeControl "180+2"]
[EndTime "13:51:54 PST"]
[Termination "Game drawn by agreement"]

1. e4 c5 2. Nf3 e6 3. d4 cxd4 4. Nxd4 Nc6 5. Nc3 Qc7 6. Be3 a6 7. Bd3 b5 8. Nxc6 Qxc6 9. O-O Bb7 10. a3 Nf6 11. Qe2 Be7 12. f4 d6 13. Bd4 O-O 14.
Rad1 e5 15. Be3 Rad8 16. Nd5 Nxd5 17. exd5 Qc7 18. Qf2 Rde8 19. f5 e4 20. Bxe4 Bf6 21.
Bd3 Bxb2 22. f6 Bxf6 23. Qf5 g6 24. Qxf6 Rxe3 25. Kh1 Re5 26. Rf4 Bxd5 27. Bxg6 hxg6 28. Rh4 Rh5 29. Rxh5 gxh5 30. Rxd5 Re8 31. h3 Re1+ 32. Kh2 Qc4 33. Rg5+ Kf8 34. Qxd6+ Re7 35. Qb8+ Re8 36. Qd6+ Re7 37. Qh6+ Ke8 38. Rg8+ Kd7 39. Qxh5 Qf4+ 40. Rg3 Re1 41. Qg4+ Qxg4 42. Rxg4 Re2 43. Rf4 Ke6 44. c3 Ra2 45. c4 Rxa3 46. cxb5 axb5 47. Rb4 Ra5 48.
h4 Kd5 49. h5 Kc5 50. Rh4 Ra8 51. h6 b4 52. Rf4 Rh8 53. Rf5+ Kc4 54. Rf6 b3 55. g4 b2 56. Rc6+ Kd3 57. Rd6+ Kc2 58. Rc6+ Kd1 59. Rd6+ Ke2 60. Rb6 Kf3 61. Rb3+ Kxg4 62.
Rxb2 Rxh6+ 63. Kg2 f5 64. Rb4+ f4 65. Rb3 Ra6 66. Kf2 Ra2+ 67. Kf1 f3 68. Rb8 Ra1+ 1/2-1/2

[Event "*** Titled Tuesday Blitz"]
[Site "Chess.com"]
[Date "2019.02.05"]
[Round "4"]
[White "Jooonaaas1996"]
[Black "Naruto-K"]
[Result "1/2-1/2"]
[WhiteElo "2294"]
[BlackElo "2363"]
[TimeControl "180+2"]
[EndTime "13:51:58 PST"]
[Termination "Game drawn by repetition"]

1. e4 e6 2. d4 d5 3. Nc3 Bb4 4. e5 Ne7 5. a3 Bxc3+ 6. bxc3 b6 7. a4 Ba6 8. Bxa6 Nxa6 9. a5 c5 10.
Nf3 h6 11. axb6 axb6 12. Qe2 Qc8 13. O-O O-O 14. Ba3 Nc6 15. Rfb1 Na5 16. Bxc5 Nxc5 17. dxc5 bxc5 18. Nd2 Nc6 19. Qe3 Rxa1 20. Rxa1 Ne7 21. h3 Qc7 22. c4 d4 23. Qe4 Nc6 24.
Nf3 Rb8 25. Ra6 Nb4 26. Ra3 Nc6 27. c3 Rd8 28. cxd4 Nxd4 29. Ra8 Nxf3+ 30. Qxf3 Rxa8 31.
Qxa8+ Kh7 32. Qe4+ g6 33. Kf1 Qb6 34. g3 Qb4 35.
Qf4 Kg7 36. g4 Qc3 37. Kg2 Qd3 38. h4 Qd7 39. h5 gxh5 40. gxh5 Qb7+ 41. Kg3 Qd7 42. Qf6+ Kh7 43. Qf4 Qb7 44. Qf3 Qd7 45. Qe4+ Kg7 46. Kg2 Qe7 47. Qg4+ Kh7 48. Qf4 Kg7 49.
Qg3+ Kh7 50. f4 Qd7 51. Qe3 Qc6+ 52. Kf2 Qa4 53. Qe4+ Kg7 54. Qg2+ Kf8 55. Qe4 Qb4 56. Qe2 Qc3 57. Kg2 Qd4 58. Kf3 Qc3+ 59. Kg2 Qd4 60.
Kf3 Qc3+ 61. Kf2 Qd4+ 62. Kf3 Qc3+ 63. Kg4 Qd4 64. Kf3 Qc3+ 65. Kg4 Qd4 66. Kf3 1/2-1/2

[Event "*** Titled Tuesday Blitz"]
[Site "Chess.com"]
[Date "2019.02.05"]
[Round "4"]
[White "chesstatour"]
[Black "HouseOfDurin"]
[Result "0-1"]
[WhiteElo "1997"]
[BlackElo "1909"]
[TimeControl "180+2"]
[EndTime "13:51:59 PST"]
[Termination "HouseOfDurin won by resignation"]

1. c4 c5 2. Nf3 Nc6 3. d4 cxd4 4. Nxd4 e5 5. Nc2 Nf6 6. Nc3 Bb4 7. Nxb4 Nxb4 8. Bg5 h6 9. Bxf6 Qxf6 10. a3 Nc6 11. Ne4 Qe6 12. Nd6+ Ke7 13. Nxc8+ Raxc8 14. e3 Rhd8 15. Be2 d5 16. Qa4 a6 17. O-O d4 18.
Rfd1 dxe3 19. fxe3 Kf8 20. c5 Qe7 21. b4 Qg5 22. Qb3 Rxd1+ 23. Rxd1 Rd8 24. Rf1 Rd7 25.
Bc4 f6 26. a4 Ke7 27. Bg8 Kf8 28. Bh7 Ke7 29. Qg8 Rd8 30. Qb3 Rf8 31. Be4 f5 32.
Bxc6 bxc6 33. Kh1 f4 34. exf4 Rxf4 35. Rxf4 Qxf4 36. h3 e4 37. b5 axb5 38. axb5 Qc1+ 39. Kh2 Qxc5 40. b6 Qd6+ 41. Kg1 Qd4+ 42. Kh2 Qe5+ 43. Kg1 e3 44. b7 e2 45. Qb4+ c5 46. b8=Q e1=Q+ 47. Qxe1 Qxe1+ 48. Kh2 Qe3 49. Qc7+ Kf6 50. Qd6+ Kf5 51.
Qf8+ Kg6 52. Qd6+ Kh7 53. h4 c4 54. h5 Qd3 55. Qc6 c3 56. Qc5 c2 57. g3 Qd2+ 58. Kh3 Qe2 59. Qf5+ Kg8 60. Qc8+ Kf7 61. Qd7+ Kf6 62. Qd6+ Qe6+ 63. Qxe6+ Kxe6 64. Kh4 c1=Q 65. g4 Qg5+ 0-1

[Event "*** Titled Tuesday Blitz"]
[Site "Chess.com"]
[Date "2019.02.05"]
[Round "4"]
[White "Incognito_Knight"]
[Black "Sebastian"]
[Result "0-1"]
[WhiteElo "2621"]
[BlackElo "2879"]
[TimeControl "180+2"]
[EndTime "13:52:00 PST"]
[Termination "Sebastian won by resignation"]

1. e4 c5 2. Nf3 d6 3. d4 cxd4 4. Nxd4 Nf6 5. f3 e5 6. Nb3 d5 7. Bg5 d4 8. c3 Nc6 9. Bb5 Qb6 10.
Bxc6+ bxc6 11. cxd4 Bb4+ 12. Bd2 exd4 13. Bxb4 Qxb4+ 14. Qd2 Rb8 15. Qxb4 Rxb4 16. N1d2 Be6 17. Rc1 Nd7 18. f4 c5 19. Nxc5 Nxc5 20. Rxc5 Rxb2 21.
f5 Bd7 22. Re5+ Kd8 23. Rd5 Ke7 24. Rxd4 Rc8 25. Ke2 Rcc2 26. Ke3 g5 27. h4 h6 28. hxg5 hxg5 29. Rd1 Bb5 30. e5 Rc3+ 31. Kf2 Rd3 32.
Rxd3 Bxd3 33. g4 Rxa2 34. Ke3 Ra3 35. Kd4 Be2 36. Nc4 Ra4 37. Rc1 Bxg4 38. f6+ Ke6 39. Kc5 Be2 40. Nd6 Kxe5 41. Nxf7+ Kxf6 42. Nd6 g4 43.
Re1 Bf3 44. Nb5 Kg5 45. Nd4 Ra5+ 46. Kc4 Kf4 47. Kd3 Rd5 48. Kc3 Rd6 49. Re8 a6 50.
Rf8+ Ke4 51. Re8+ Kd5 52. Rf8 Be4 53. Rg8 Rg6 54. Rd8+ Ke5 55. Re8+ Kf4 56. Rf8+ Ke3 57. Re8 g3 58. Nf5+ Kf4 59. Nh4 Rh6 60. Rf8+ Kg4 0-1